Map: 나이트쉐이드 - 래더

Players

Serral

  • Race: Zerg Zerg
  • Spawn Location: 5:00

Hurricane - Winner!

  • Race: Protoss Protoss
  • Spawn Location: 11:00

Event: IEM Katowice 2020

VOD

Have the link to the VOD?

Description

Time

  • Played on: Feb. 28, 2020, 12:41 p.m.
  • Length: 7:44

All games in this series

Show
View Real Time Build Order
Export as new Build Order

Serral Zerg 

Build Orders: Hatch First 

Get SALT Encoding   

  12  0:00  Drone  
  13  0:12  Overlord  
  13  0:16  Drone  
  14  0:30  Drone x2  
  16  0:48  Hatchery  
  15  0:51  Drone  
  15  0:54  Drone  
  17  0:58  Drone  
  18  1:08  Extractor  
  17  1:13  Spawning Pool  
  17  1:15  Drone  
  17  1:19  Drone  
  18  1:27  Drone  
  19  1:38  Drone  
  20  1:49  Overlord  
  20  2:00  Queen x2  
  20  2:01  Zergling x4  
  26  2:10  Drone  
  26  2:11  Drone  
  26  2:12  Metabolic Boost  
  28  2:21  Drone x2  
  30  2:33  Hatchery  
  30  2:36  Drone  
  30  2:42  Queen  
  32  2:47  Overlord  
  32  2:50  Drone  
  33  2:52  Drone  
  33  2:54  Drone  
  33  2:57  Drone  
  36  3:07  Drone x2  
  36  3:09  Zergling x2  
  36  3:10  Drone  
  36  3:12  Overlord  
  40  3:15  Drone  
  40  3:16  Drone  
  42  3:28  Drone x2  
  44  3:35  Queen  
  44  3:36  Lair  
  44  3:38  Drone  
  44  3:39  Drone, Roach Warren  
  47  3:42  Drone  
  47  3:43  Drone  
  47  3:45  Drone  
  50  3:49  Drone  
  50  3:50  Drone  
  50  3:52  Drone  
  50  3:53  Extractor, Drone  
  50  3:54  Extractor  
  50  3:55  Drone  
  53  4:01  Overlord  
  53  4:04  Queen  
  55  4:19  Zergling x4  
  59  4:24  Roach x4  
  59  4:30  Overlord  
  65  4:34  Overlord  
  65  4:37  Overlord  
  64  4:48  Roach  
  64  4:49  Roach x4  
  73  4:54  Roach x4  
  73  4:59  Overlord  
  80  5:07  Roach x5  
  83  5:18  Roach x3  
  83  5:19  Overseer  
  89  5:23  Drone  
  89  5:24  Overlord  
  90  5:29  Overlord  
  90  5:32  Glial Reconstitution  
  90  5:36  Overlord  
  90  5:44  Drone x3  
  90  5:46  Drone x2  
  94  5:54  Drone x2  
  94  5:56  Drone  
  97  6:00  Overseer  
  97  6:03  Drone x3  
  100  6:07  Zergling x4  
  100  6:09  Extractor, Drone x2  
  103  6:12  Overlord  
  103  6:16  Overlord x2  
  103  6:21  Ravager x2  
  103  6:23  Overlord  
  106  6:35  Roach x7  
  115  6:45  Roach x4  
  110  6:53  Roach  
  110  6:54  Roach x2  
  99  6:56  Ravager  
  99  7:00  Ravager  
  99  7:02  Zergling x12  
  93  7:12  Zergling x12  
  93  7:14  Zergling x6  
  72  7:24  Roach  
  72  7:25  Roach x2  
Show
View Real Time Build Order
Export as new Build Order

Hurricane Protoss - Winner!

Build Orders: 1 Gate Expand 

Get SALT Encoding   

  12  0:00  Probe  
  13  0:12  Probe  
  14  0:19  Pylon  
  14  0:25  Probe  
  15  0:28  Assimilator  
  15  0:37  Probe (Chrono Boost)  
  16  0:43  Gateway  
  16  0:47  Probe (Chrono Boost)  
  17  0:52  Probe (Chrono Boost)  
  18  1:04  Probe  
  19  1:16  Probe  
  20  1:23  Nexus  
  20  1:32  Cybernetics Core  
  20  1:35  Probe  
  21  1:40  Assimilator  
  21  1:48  Probe  
  21  1:50  Pylon  
  22  2:00  Probe  
  23  2:05  Adept (Chrono Boost)  
  25  2:12  Probe  
  25  2:14  Warp Gate  
  26  2:17  Twilight Council  
  26  2:24  Probe  
  26  2:28  Stalker  
  29  2:36  Probe (Chrono Boost)  
  30  2:37  Probe (Chrono Boost)  
  31  2:48  Probe (Chrono Boost)  
  31  2:49  Probe (Chrono Boost)  
  33  2:53  Probe (Chrono Boost)  
  33  2:55  Probe (Chrono Boost), Robotics Facility  
  35  2:59  Resonating Glaives (Chrono Boost)  
  35  3:02  Probe  
  36  3:05  Probe  
  36  3:11  Gateway  
  39  3:23  Gateway  
  38  3:30  Gateway  
  38  3:33  Gateway  
  37  3:34  Gateway  
  37  3:40  Warp Prism (Chrono Boost)  
  37  3:45  Probe  
  40  3:51  Probe  
  40  3:53  Pylon  
  41  3:56  Pylon  
  41  4:01  Adept  
  43  4:07  Adept  
  43  4:09  Pylon, Observer  
  46  4:33  Adept x5  
  46  4:34  Adept  
  46  4:35  Probe x2  
  46  4:38  Immortal (Chrono Boost)  
  62  4:55  Gateway  
  62  4:56  Pylon  
  60  5:10  Immortal (Chrono Boost)  
  64  5:15  Adept x4  
  72  5:24  Gateway  
  70  5:31  Sentry, Zealot  
  70  5:35  Pylon  
  74  5:36  Pylon  
  74  5:38  Immortal (Chrono Boost)  
  78  5:54  Pylon  
  78  6:00  Adept, Stalker x2  
  78  6:01  Zealot x2  
  88  6:10  Pylon  
  88  6:12  Pylon  
  88  6:19  Adept x2  
  88  6:20  Zealot  
  94  6:38  Adept x3  
  94  6:39  Adept  
  88  6:48  Adept x4  
  78  7:09  Adept  
  78  7:10  Adept x5  
  78  7:12  Zealot  
  68  7:38  Adept x6  
  68  7:39  Zealot x2  

Tags
 
Add a new tag
Caveats
  • Supply blocks, unpowered buildings, or Contaminate may cause inaccurate times.
  • Supply counts are checked every 10 seconds.